 Dungeon Crawl Stone Soup version 0.30.1-4-g462c640d31 (webtiles) character file.

Game seed: 12133195503980872644

62 Peloso the Covered (level 3, 0/33 HPs)
             Began as a Minotaur Fighter on Aug 20, 2023.
             Slain by an orc
             ... wielding a +0 dagger
              (3 damage)
             ... on level 3 of the Dungeon.
             The game lasted 00:03:17 (1873 turns).

Peloso the Covered (Minotaur Fighter)               Turns: 1873, Time: 00:03:18

Health: 0/33       AC:  9    Str: 20    XL:     3   Next: 85%
Magic:  2/2        EV:  7    Int:  5    God:
Gold:   101        SH:  4    Dex: 11    Spells: 2/2 levels left

rFire   . . .        a - +0 long sword
rCold   . . .        d - +0 buckler
rNeg    . . .        c - +0 chain mail
rPois   .            (helmet restricted)
rElec   .            (no cloak)
rCorr   .            (no gloves)
SInv    .            (no boots)
Will    .....        (no amulet) Stlth
                     (no ring)
HPRegen 0.25/turn    (no ring)
MPRegen 0.08/turn

%: no passive effects
@: lethally poisoned (0 -> -10)
A: horns 2, retaliatory headbutt
a: no special abilities


You were on level 3 of the Dungeon.
You visited 1 branch of the dungeon, and saw 3 of its levels.

You collected 101 gold pieces.

Inventory:

Hand Weapons
 a - a +0 long sword (weapon)
Missiles
 h - a throwing net (quivered)
Armour
 b - a +0 scale mail
 c - a +0 chain mail (worn)
 d - a +0 buckler (worn)
Jewellery
 j - an amulet of the acrobat
Scrolls
 k - a scroll of identify {unknown}
 m - a scroll of magic mapping {unknown}
 n - a scroll of fear {unknown}
 o - a scroll of torment {unknown}
Potions
 e - a potion of haste {unknown}
 f - a potion of might
 g - a potion of flight {unknown}
 i - 2 potions of curing {unknown}
 l - a potion of mutation {unknown}


   Skills:
 + Level 4.2 Fighting
 + Level 3.5 Long Blades
 + Level 4.3 Armour
 + Level 4.1 Shields


You had 2 spell levels left.
You didn't know any spells.
Your spell library was empty.

Dungeon Overview and Level Annotations

Branches:
Dungeon (3/15)

Altars:
Vehumet


Innate Abilities, Weirdness & Mutations

You have a pair of horns on your head.
You reflexively headbutt those who attack you in melee.


Message History

The kobold shouts!
The orc shouts!
The gnoll shouts!
Found a club.
There is a stone staircase leading up here.
An orc comes into view. It is wielding a +0 club.
An orc comes into view. It is wielding a +0 dagger.
The orc shouts! x2
Found a radiant altar of Vehumet.
A hound comes into view.
Found a stone staircase leading up.
The hound barks!
An orc comes into view. It is wielding a +0 dagger.
The kobold throws a stone.
The stone hits you but does no damage.
Found a sling.
The orc throws a boomerang.
The boomerang hits you. Why would you want to do that?
A gnoll comes into view. It is wielding a +0 whip.
The orc attacks as you move away! The orc hits you but does no damage.
You are poisoned.
You feel very sick. The orc attacks as you move away!
The orc hits you with a +0 hand axe of venom.
You are more poisoned.
You feel very sick.
You hit the orc.
The orc is moderately wounded.
You feel very sick. The orc hits you but does no damage.
You are more poisoned.
You hit the orc. Your headbutt misses the orc.
The orc is almost dead.
You feel very sick. The orc hits you but does no damage.
You are lethally poisoned!
You slash the orc!
You kill the orc!
* * * LOW HITPOINT WARNING * * *
You feel very sick.
You hit the orc.
The orc is severely wounded.
* * * LOW HITPOINT WARNING * * *
You feel very sick. The orc hits you with a +0 dagger.
You die...

######### ........#
≈≈§≈≈≈≈.# ....≈.# ♣
♣.≈.# ).. ♣h§@#
♣._.♣.§o#
♣.....§g########
♣♣♣♣♣.≈og..g<..#
...§..≈o#..gg.......
≈≈≈≈.≈≈.K....K......
....................
##...###............
#..# #...o.g......


You could see a hound, 2 gnolls, 3 orcs and a kobold.

Vanquished Creatures
  A worm (D:2)
  3 dart slugs
  An orc (D:3)
  5 endoplasms (D:1)
  A goblin (D:1)
  7 hobgoblins
  10 jackals
  A kobold (D:2)
  2 quokkas
  7 ball pythons
  2 frilled lizards (D:2)
  6 rats
46 creatures vanquished.

Notes
Turn   | Place    | Note
-------+----------+-------------------------------------------
     0 | D:1      | Peloso the Minotaur Fighter began the quest for the Orb.
     0 | D:1      | Reached XP level 1. HP: 19/19 MP: 0/0
    95 | D:1      | Reached XP level 2. HP: 20/27 MP: 1/1
   540 | D:1      | Reached XP level 3. HP: 29/33 MP: 2/2
   721 | D:1      | Found a faded altar of an unknown god.
  1864 | D:3      | Found a radiant altar of Vehumet.
  1873 | D:3      | Slain by an orc

Illustrated notes

Levels and vault maps discovered:
D:1:      tarquinn_simple_flora_water_f, layout_basic,
          shapermc_ecumenical_altar_ellora, serial_forest,
          infiniplex_forest_corner_1, infiniplex_forest_straight_3,
          infiniplex_forest_clump_diagonal, infiniplex_forest_end_2,
          infiniplex_forest_lined_2, infiniplex_forest_end_2,
          infiniplex_forest_straight_2, infiniplex_forest_lined_room_2,
          infiniplex_forest_straight_2, infiniplex_forest_clump_large
D:2:      layout_basic
D:3:      minmay_octagon_keep, layout_rooms, nemelex_xobeh_ov_fountains_minmay,
          mainiacjoe_overflow_brackets, gup_sewer_entry_glass, nrook_mini_vaults

Skill      XL: |  1  2  3 |
---------------+----------+-----
Fighting       | 4 |  4.2
Shields        | 4 |  4.1
Armour         | 4 |  4.3
Long Blades    | 3 |  3.5

Action                     || total
---------------------------++-------
  Melee: Long sword        ||   154
         Headbutt          ||    30
 Armour: Scale mail        ||     9
         Chain mail        ||    57
  Dodge: Dodged            ||    40
  Block: Buckler           ||    22
